 Dungeon Crawl Stone Soup version bcrawl-1.13.4 (webtiles) character file.

Game seed: 4557269363347567325

2018 Felnil the Fighter (level 9, -19/65 HPs)
             Began as a Skeleton Fighter on Aug 14, 2019.
             Killed from afar by Pikel (27 damage)
             ... with a wand of acid (3)
             ... on level 6 of the Dungeon.
             The game lasted 00:15:46 (6223 turns).

Felnil the Fighter (Skeleton Fighter)               Turns: 6223, Time: 00:15:47

Health: -19/65     AC: 12    Str: 26      XL:     9   Next: 3%
Magic:  0/9        EV:  5    Int:  5 (7)  God:
Gold:   340        SH:  9    Dex:  6 (8)  Spells: 8/8 levels left

rFire    . . .     SeeInvis .   b - +3 falchion (vamp)
rCold    + . .     Gourm    .   c - +0 shield
rNeg     + + +     Faith    .   h - +1 plate armour
rPois    ∞         Spirit   +   (no helmet)
rElec    +         Reflect  .   (no cloak)
rCorr    .         Harm     .   (no gloves)
MR       ++...                  (no boots)
Stlth    ..........             (no amulet)
HPRegen  0.20/turn              j - ring of protection from magic
MPRegen  0.11/turn              f - ring of insulation

@: no status effects
A: no food or potions, cold resistance 1, deterioration 1, negative energy
resistance 3, powered by death 1, torment resistance, unbreathing, magic shield,
sturdy frame 1, spell healing
a: no special abilities


You were on level 6 of the Dungeon.
You were not hungry.

You visited 1 branch of the dungeon, and saw 7 of its levels.

You collected 340 gold pieces.

Inventory:

Hand Weapons
 a - a +0 war axe
 b - a +3 vampiric falchion (weapon)
 e - a +1 falchion of venom
Armour
 c - a +0 shield (worn)
 h - a +1 plate armour (worn)
Jewellery
 f - a ring of insulation (right hand)
 j - a ring of protection from magic (left hand)
 n - an uncursed ring of ice
Wands
 k - a wand of flame (22)
 l - a wand of paralysis (8)
Scrolls
 d - 5 scrolls of remove curse
 g - a scroll of magic mapping
 i - 2 scrolls of teleportation


   Skills:
 + Level 11.9 Fighting
 - Level 2.4 Axes
 - Level 3.2 Armour
 - Level 3.6 Shields


You had 8 spell levels left.
You didn't know any spells.
Your spell library contained the following spells:

 Spells                   Type           Power        Failure   Level  Hunger
 Sticks to Snakes         Tmut           #.......     100%        2    N/A
 Beastly Appendage        Tmut           Unusable     N/A         1    N/A
 Spider Form              Tmut/Pois      Unusable     N/A         3    N/A
 Ice Form                 Ice/Tmut       Unusable     N/A         4    N/A
 Blade Hands              Tmut           Unusable     N/A         5    N/A

Dungeon Overview and Level Annotations

Branches:
Dungeon (7/12)
 Temple: D:4-7         Lair: D:7-9

Altars:
Zin

Shops:
D:4 *

Annotations:
D:6 Pikel


Innate Abilities, Weirdness & Mutations

You do not eat or drink.
You are immune to poison.
Your flesh is cold resistant. (rC+)
Your body sometimes deteriorates upon taking damage.
You are immune to negative energy. (rN+++)
You regenerate a little health from kills.
You are immune to unholy pain and torment.
You can survive without breathing.
When hurt, damage is shared between your health and your magic reserves.
Your movements are slightly less encumbered by armour. (ER -2)
Casting spells heals you.


Message History

Your body deteriorates!
You feel clumsy.
There is a stone staircase leading up here.
The slave hits you but does no damage. Pikel hits you but does no damage.
You climb upwards.
There is a stone staircase leading down here.
As you read the scroll of teleportation, it crumbles to dust.
You feel strangely unstable. You block the slave's attack.
You block Pikel's attack.
Pikel says, "It's all about the gold, really."
Your surroundings seem slightly different.
The slave barely misses you. You block Pikel's attack.
You hit the slave but do no damage. The slave hits you.
* * * LOW HITPOINT WARNING * * *
Pikel hits you with a +2 whip of electrocution.
* * * LOW HITPOINT WARNING * * *
You block the slave's attack.
You are no longer corroded.
Pikel says, "Slavery isn't that bad."
Pikel zaps a wand.
The bolt of acid hits you!
You die...

##..###.###########...........
#..####.#........##.%......>.†
##......#...........##.!..#...
#####........)..####.......#.
##.#.....)...###.##....#.
#..#########............. #.##
#####.......##....#.
####.####.......######......
#####.....#....@..### #......
#................## #....#.
#..........^..Kp..# #....#.
#.................# #....#.
#.................# ####>..
#.................# ##....
#.................##### #.....
#............>.)......#####.....
#..(......#.....#####...........


You could see Pikel and a slave.

Vanquished Creatures
  A hippogriff (D:4)
  Eustachio (D:4)
  2 sky beasts (D:5)
  2 phantoms (D:4)
  An ice beast (D:5)
  2 necrophages
  An ogre (D:5)
  5 wights (D:6)
  3 howler monkeys
  3 crimson imps
  4 hounds
  A gnoll shaman (D:6)
  Jessica (D:2)
  A bullfrog skeleton (D:4)
  Ijyb (D:4)
  An orc wizard (D:4)
  A worker ant (D:5)
  Terence (D:2)
  A howler monkey zombie (D:5)
  10 gnolls
  8 adders
  An adder skeleton (D:6)
  A worm (D:2)
  6 dart slugs
  3 leopard geckos (D:1)
  9 orcs
  A ball python (D:3)
  4 giant cockroaches
  13 goblins
  7 hobgoblins
  6 jackals
  4 quokkas
  2 bats (D:2)
  3 frilled lizards
  5 kobolds
  2 quokka skeletons
  6 rats
124 creatures vanquished.

Notes
Turn   | Place    | Note
-------+----------+-------------------------------------------
     0 | D:1      | Felnil the Skeleton Fighter began the quest for the Orb.
     0 | D:1      | Reached XP level 1. HP: 14/14 MP: 1/1
   105 | D:1      | Reached XP level 2. HP: 10/19 MP: 0/2
   663 | D:1      | Reached skill level 4 in Fighting
   807 | D:1      | Reached XP level 3. HP: 23/24 MP: 3/3
  1252 | D:2      | Noticed Jessica
  1254 | D:2      | Killed Jessica
  1274 | D:2      | Reached XP level 4. HP: 21/30 MP: 1/4
  1526 | D:2      | Reached skill level 5 in Fighting
  1766 | D:2      | Noticed Terence
  1782 | D:2      | Killed Terence
  2246 | D:3      | Reached XP level 5. HP: 36/36 MP: 5/5
  2766 | D:4      | Found Toblu's Assorted Antiques.
  2769 | D:4      | Noticed a necrophage
  2790 | D:3      | Reached skill level 6 in Fighting
  2811 | D:3      | Killed a necrophage
  2811 | D:3      | Gained mutation: You regenerate a little health from kills.
                  | [Skeleton growth]
  2811 | D:3      | Reached XP level 6. HP: 23/42 MP: 1/6
  2813 | D:3      | Reached skill level 7 in Fighting
  3292 | D:4      | Reached skill level 8 in Fighting
  3292 | D:4      | Reached XP level 7. HP: 41/49 MP: 4/7
  3501 | D:4      | Noticed Ijyb
  3964 | D:4      | Reached skill level 9 in Fighting
  4141 | D:4      | Found a glowing silver altar of Zin.
  4141 | D:4      | Noticed Eustachio
  4286 | D:4      | Noticed a hippogriff
  4311 | D:4      | Killed a hippogriff
  4501 | D:4      | Killed Ijyb
  4754 | D:4      | Killed Eustachio
  4754 | D:4      | Reached skill level 10 in Fighting
  4754 | D:4      | Reached XP level 8. HP: 29/57 MP: 4/8
  4921 | D:5      | Entered Level 5 of the Dungeon
  5242 | D:5      | Reached skill level 11 in Fighting
  5865 | D:6      | Reached XP level 9. HP: 52/65 MP: 9/9
  6131 | D:7      | Noticed Pikel
  6223 | D:6      | Killed from afar by Pikel

Skill      XL: |  1  2  3  4  5  6  7  8 |
---------------+-------------------------+-----
Fighting       | 4 5 6 8 10 11 | 11.9
Axes           | |  2.4
Armour         | |  3.2
Shields        | |  3.6

Action                   |  1- 3 |  4- 6 |  7- 9 || total
-------------------------+-------+-------+-------++-------
Melee: War axe           |   100 |    17 |       ||   117
       Falchion          |       |   181 |   435 ||   616
Evoke: Wand              |       |       |     1 ||     1
  Use: Scroll            |       |       |     8 ||     8
Armor: Scale mail        |    35 |       |       ||    35
       Plate armour      |       |   136 |   320 ||   456
Dodge: Dodged            |    29 |    65 |   115 ||   209
Block: Shield            |    42 |   144 |   273 ||   459
